 Dungeon Crawl Stone Soup version 0.27-a0-92-g39ad13b146 (webtiles) character file.

Game seed: 17436575116282118663

29 knot the Chopper (level 3, 26/29 HPs)
             Began as a Demonspawn Berserker on Jan 16, 2021.
             Was a Believer of Trog.
             Quit the game on level 2 of the Dungeon.
             The game lasted 00:01:15 (1445 turns).

knot the Chopper (Demonspawn Berserker)             Turns: 1445, Time: 00:01:15

Health: 26/29      AC:  8    Str: 17    XL:     3   Next: 1%
Magic:  3/3        EV: 11    Int:  9    God:    Trog [**....]
Gold:   97         SH:  0    Dex: 12    Spells: 2/2 levels left

rFire    . . .     SeeInvis .   a - +1 hand axe
rCold    . . .     Faith    .   (no shield)
rNeg     . . .     Spirit   .   g - +1 ring mail
rPois    .         Reflect  .   (no helmet)
rElec    .         Harm     .   (no cloak)
rCorr    .         Rampage  .   (no gloves)
Will     .....                  (no boots)
Stlth    +.........             (no amulet)
HPRegen  0.09/turn              (no ring)
MPRegen  0.08/turn              (no ring)

@: no status effects
A: claws 1, yellow scales 1
a: Renounce Religion, Berserk, Trog's Hand


You were on level 2 of the Dungeon.
You worshipped Trog.
Trog was pleased with you.
You visited 1 branch of the dungeon, and saw 2 of its levels.

You collected 97 gold pieces.

Inventory:

Hand Weapons
 a - a +1 hand axe (weapon)
Missiles
 e - 114 stones
Armour
 g - a +1 ring mail (worn)
Scrolls
 d - 4 scrolls of identify
 f - a scroll of enchant weapon
 h - a scroll of remove curse
Potions
 b - 2 potions of lignification {unknown}
 c - 3 potions of heal wounds {unknown}
 i - 2 potions of cancellation {unknown}


   Skills:
 - Level 3.0 Fighting
 + Level 3.8 Axes
 - Level 1.7 Armour
 - Level 1.7 Dodging


You had 2 spell levels left.
You didn't know any spells.
Your spell library was empty.

Dungeon Overview and Level Annotations

Branches:
Dungeon (2/15)

Altars:


Innate Abilities, Weirdness & Mutations

You have sharp fingernails.
You are partially covered in yellow scales. (AC +2)


Message History

You now have 80 gold pieces (gained 10).
e - 114 stones (gained 29)
You now have 97 gold pieces (gained 17).
A leopard gecko comes into view.
Found a whip.
The leopard gecko hisses angrily.
The leopard gecko bites you.
A leopard gecko is nearby!
You miss the leopard gecko. The leopard gecko barely misses you.
The leopard gecko misses you.
A leopard gecko is nearby!
You hit the leopard gecko.
You kill the leopard gecko!
Trog accepts your kill.
You have reached level 3!
Your experience leads to an increase in your attributes!
Increase (S)trength, (I)ntelligence, or (D)exterity?
You feel clever.
Your demonic ancestry asserts itself...
Yellow scales grow over part of your body.
Are you sure you want to abandon this character and quit the game? (Confirm with "yes".)

#......# ########
#.#.#### #.......
#.#...#####......#
#.#####..........<>.....
).......................
#.................
#................#
#..........####.##
#@.........# #.#
#†.........####.##
#..........#.....#
#.##########.....# ....
#.....# ..... #.....#
..... #.....# .....
#.....# #.....#


There were no monsters in sight!

Vanquished Creatures
  2 leopard geckos (D:2)
  4 goblins (D:1)
  3 hobgoblins
  A ball python (D:1)
  4 bats
  6 frilled lizards
  A jackal skeleton (D:2)
  3 kobolds
  4 rats
28 creatures vanquished.

Notes
Turn   | Place    | Note
-------+----------+-------------------------------------------
     0 | D:1      | knot the Demonspawn Berserker began the quest for the Orb.
     0 | D:1      | Reached XP level 1. HP: 18/18 MP: 1/1
   316 | D:1      | You fall into a shaft and drop 1 floor!
   528 | D:2      | Gained mutation: You have sharp fingernails. [demonic
                  | ancestry]
   528 | D:2      | Reached XP level 2. HP: 20/24 MP: 2/2
   935 | D:1      | Reached ** piety under Trog
  1445 | D:2      | Gained mutation: You are partially covered in yellow
                  | scales. (AC +2) [demonic ancestry]
  1445 | D:2      | Reached XP level 3. HP: 26/29 MP: 3/3
  1445 | D:2      | Quit the game

Illustrated notes

Levels and vault maps discovered:
D:1:      eino_arrival_tree_alley, layout_basic
D:2:      layout_basic

Skill      XL: |  1 |
---------------+----+-----
Axes           | 3 |  3.8
Fighting       | |  3.0
Armour         | |  1.7
Dodging        | |  1.7

Action                   || total
-------------------------++-------
Melee: Hand axe          ||    57
Invok: Berserk           ||     1
  Use: Scroll            ||     6
Armor: Ring mail         ||    27
       Animal skin       ||     2
Dodge: Dodged            ||    43

Table legend: (Time is in decaauts)
 A = Elapsed time spent in this place.
 B = Non-inter-level travel time spent in this place.
 C = Inter-level travel time spent in this place.
 D = Time resting spent in this place.
 E = Time spent auto-exploring this place.
 F = Levels seen in this place.
 G = Mean time per level.
                   A        B        C        D        E       F      G
               +--------+--------+--------+--------+--------+-----+--------+
         Total |   1460 |   1412 |     48 |    191 |   1054 |   2 |  730.0 |
       Dungeon |   1460 |   1412 |     48 |    191 |   1054 |   2 |  730.0 |
               +--------+--------+--------+--------+--------+-----+--------+

Top non-repeatable levels by time:
     D:1: 974 daAuts
     D:2: 485 daAuts
